 Dungeon Crawl Stone Soup version 0.25-a0-577-ga4619f409e (webtiles) character file.

Game seed: 6109737750091854762, levelgen mode: deterministic

96789 Flugslaktarn the Severer (level 15, -6/138 HPs)
             Began as a Minotaur Fighter on Mar 3, 2020.
             Was the Champion of Makhleb.
             Shot with an arrow by a naga sharpshooter (12 damage)
             ... on level 4 of the Snake Pit.
             The game lasted 00:10:02 (14881 turns).

Flugslaktarn the Severer (Minotaur Fighter)        Turns: 14881, Time: 00:10:02

Health: -6/138     AC: 32    Str: 23    XL:     15   Next: 70%
Magic:  9/22       EV:  2    Int: 13    God:    Makhleb [******]
Gold:   1020       SH: 20    Dex: 10    Spells: 14/14 levels left

rFire    + . .     SeeInvis .   b - +5 broad axe of Uskayaw's Esteem {vamp, rN+ Int+3 Stlth+}
rCold    + . .     Gourm    .   c - +7 kite shield of the Curious Beggars {Str-4 Int+5}
rNeg     + + .     Faith    .   d - +2 gold dragon scales
rPois    .         Spirit   .   F - +2 hat
rElec    .         Reflect  .   J - +0 cloak {MR+}
rCorr    .         Harm     .   f - +2 pair of gloves
MR       ++...                  i - +2 pair of boots
Stlth    ..........             k - amulet of regeneration
HPRegen  0.73/turn              j - +5 ring of slaying
MPRegen  0.18/turn              w - ring of positive energy

@: lethally poisoned (-6 -> -9), poison vulnerable, hasted and slowed,
constricted
A: retaliatory headbutt, horns 2
a: Minor Destruction, Lesser Servant of Makhleb, Major Destruction, Greater
Servant of Makhleb, Renounce Religion


You were on level 4 of the Snake Pit.
You worshipped Makhleb.
Makhleb was exalted by your worship.
You were not hungry.

You visited 4 branches of the dungeon, and saw 19 of its levels.
You also visited: Gauntlet.

You collected 1092 gold pieces.
You spent 72 gold pieces at shops.

Inventory:

Hand Weapons
 a - a +1 war axe of draining
 b - the +5 broad axe of Uskayaw's Esteem (weapon) {vamp, rN+ Int+3 Stlth+}
   (You took it off a minotaur in a Gauntlet)

   It inflicts no extra harm, but heals its wielder when it wounds a living foe.
   It affects your intelligence (+3).
   It protects you from negative energy.
   It makes you more stealthy.
 B - a +4 broad axe
   (You took it off a death knight on level 8 of the Dungeon)
Armour
 c - the +7 kite shield of the Curious Beggars (worn) {Str-4 Int+5}
   (You took it off a minotaur in a Gauntlet)

   It affects your strength (-4).
   It affects your intelligence (+5).
 d - +2 gold dragon scales (worn)
   (You took it off a minotaur in a Gauntlet)
 f - a +2 pair of gloves (worn)
   (You found it on level 1 of the Dungeon)
 i - a +2 pair of boots (worn)
   (You found it on level 5 of the Dungeon)
 F - a +2 hat (worn)
   (You found it on level 3 of the Lair of Beasts)
 J - a +0 cloak of magic resistance (worn)
   (You found it in a Gauntlet)
Jewellery
 j - a +5 ring of slaying (left hand)
   (You found it on level 6 of the Dungeon)
 k - an amulet of regeneration (around neck)
   (You found it on level 6 of the Lair of Beasts)
 o - an uncursed ring of poison resistance
   (You found it on level 2 of the Dungeon)
 w - a ring of positive energy (right hand)
   (You found it on level 1 of the Lair of Beasts)
Wands
 v - a wand of digging (5)
   (You found it on level 4 of the Snake Pit)
 A - a wand of iceblast (4)
   (You found it on level 7 of the Dungeon)
 K - a wand of acid (6)
   (You found it in a Gauntlet)
Scrolls
 p - a scroll of silence
 s - 3 scrolls of fog
 t - 4 scrolls of teleportation
 u - 2 scrolls of immolation
 z - a scroll of blinking
 E - a scroll of magic mapping
 H - 2 scrolls of fear
Potions
 g - 4 potions of cancellation
 h - 2 potions of haste
 m - 5 potions of lignification
 n - 3 potions of flight
 q - 2 potions of curing
 r - a potion of ambrosia
 C - 2 potions of brilliance
 D - a potion of mutation
 G - a potion of stabbing
Comestibles
 e - 16 rations


   Skills:
 + Level 14.2 Fighting
 - Level 18.0 Axes
 + Level 14.3 Armour
 + Level 14.4 Shields
 + Level 11.7 Invocations


You had 14 spell levels left.
You didn't know any spells.
Your spell library was empty.

Dungeon Overview and Level Annotations

Branches:
Dungeon (8/15)             Temple (1/1) D:4            Lair (6/6) D:8
 Shoals (0/4) Lair:3        Snake (4/4) Lair:4        Slime (0/5) Lair:5
Gauntlet (visited)

Altars:
Ashenzari
Dithmenos
Fedhas
Gozag
Makhleb
Nemelex Xobeh
Okawaru
Qazlal
Sif Muna
Trog
Uskayaw
Vehumet
Wu Jian
Xom
Yredelemnul
Jiyva

Shops:
D:5 *

Annotations:
Snake:4 1 runed translucent door, Roxanne; Vashnia; sixsigma's ghost, adept GnWz


Innate Abilities, Weirdness & Mutations

You reflexively headbutt those who attack you in melee.
You have a pair of horns on your head.


Message History

The naga ritualist constricts you. You block the cacodemon's attack.
The cacodemon hits you but does no damage.
The naga sharpshooter gestures wildly while chanting.
The naga sharpshooter magically shoots an arrow.
The arrow hits you but does no damage.
Vashnia gestures wildly while chanting.
The naga warrior blinks!
The cacodemon blinks!
You hit the nagaraja.
The nagaraja is moderately wounded.
You hit the naga ritualist. You slice the naga sharpshooter!!
You kill the naga sharpshooter!
Makhleb accepts your kill.
You feel sick. The nagaraja hits you.
* * * LOW HITPOINT WARNING * * *
The naga spits poison at you. You block the splash of poison.
The naga sharpshooter casts a spell.
The naga sharpshooter magically shoots an arrow.
The arrow hits you!
You die... .NN. .N..N #/... ... #2..# #N.. #NNN#

#...# #NN.##
#.N.#
#N)N##...#
#)@)NN.#
##§N(.##
###)§###
######......#
#......###N.#
#####......##
#####...####
#......# ####
#......##...###


You could see Vashnia, a naga warrior, a cacodemon, 3 nagarajas, 3 naga
sharpshooters, a naga ritualist and 6 nagas.

Vanquished Creatures
  Rupert (Snake:1)
  A reaper (Gauntlet)
  The ghost of Flugslaktarn the Severer, a journeyman MiFi of Gozag (Lair:4)
  Snorg (Lair:6)
  Fannar (Lair:3)
  9 naga warriors
  4 hydras
  4 anacondas
  A death knight (D:8)
  3 catoblepae (Lair:6)
  13 death yaks
  A death scarab (Gauntlet)
  7 naga sharpshooters
  3 shock serpents
  4 salamander mystics
  8 naga ritualists
  9 mana vipers
  2 manticores (Lair:6)
  2 oklob plants (Snake:2)
  3 salamanders
  19 naga magi
  2 merfolk sirens (Lair:3)
  3 guardian serpents
  12 elephants
  30 black mambas
  13 spiny frogs
  A rime drake (Lair:1)
  4 komodo dragons
  A hellwing (Gauntlet)
  2 merfolk (Lair:3)
  4 blink frogs (Lair:1)
  A raiju (Gauntlet)
  A spectral dream sheep (Gauntlet)
  6 hippogriffs
  2 spectral black mambas (Lair:3)
  47 yaks
  6 fire bats (Lair:6)
  3 wyverns
  3 basilisks
  3 steam dragons
  A catoblepas simulacrum (Lair:3)
  41 nagas
  A spectral spiny frog (Lair:3)
  2 wargs (D:8)
  13 water moccasins
  An ice beast (D:8)
  7 porcupines
  2 black bears (D:6)
  An orc warrior (D:8)
  A phantom (D:4)
  7 ogres
  2 centaurs (D:7)
  12 crocodiles
  15 bullfrogs
  A gnoll sergeant (D:8)
  A scorpion (D:8)
  5 killer bees (D:8)
  4 wights (D:6)
  2 electric eels (Lair:3)
  A bullfrog zombie (D:8)
  A crimson imp (D:7)
  A lava snake (Lair:6)
  5 hounds
  2 orc priests
  2 jellies (D:6)
  6 orc wizards
  Natasha (D:2)
  7 worker ants
  2 worker ant zombies
  8 adders
  7 gnolls
  3 shadow imps
  An adder skeleton (D:6)
  4 worms
  A leopard gecko (D:4)
  24 orcs
  3 giant cockroaches
  2 goblins
  A hobgoblin (D:2)
  5 jackals
  3 quokkas
  A ball python (D:4)
  2 bats (D:2)
  4 frilled lizards
  A kobold (D:2)
  A leopard gecko skeleton (D:6)
  2 rats (D:2)
  A fire vortex (Lair:6)
  2 fungi
  4 plants
468 creatures vanquished.

Vanquished Creatures (collateral kills)
  A minotaur (Gauntlet)
  A spectral death yak (Lair:3)
2 creatures vanquished.

Vanquished Creatures (others)
  A guardian serpent (Snake:4)
  5 dream sheep (D:6)
  7 fungi
  12 plants
25 creatures vanquished.

Grand Total: 495 creatures vanquished

Notes
Turn   | Place    | Note
-------+----------+-------------------------------------------
     0 | D:1      | Flugslaktarn the Minotaur Fighter began the quest for the
                  | Orb.
     0 | D:1      | Reached XP level 1. HP: 19/19 MP: 0/0
   103 | D:2      | Reached XP level 2. HP: 17/27 MP: 1/1
   271 | D:2      | Noticed Natasha
   272 | D:2      | Noticed a crimson imp
   273 | D:2      | Noticed a crimson imp
   284 | D:2      | Killed Natasha
   284 | D:2      | Reached skill level 3 in Axes
   284 | D:2      | Reached XP level 3. HP: 7/33 MP: 2/2
  1031 | D:4      | Reached skill level 4 in Axes
  1031 | D:4      | Reached XP level 4. HP: 35/40 MP: 3/3
  1127 | D:4      | Reached XP level 5. HP: 17/47 MP: 4/4
  1473 | D:4      | Noticed a phantom
  1503 | D:4      | Killed a phantom
  1503 | D:4      | Reached skill level 5 in Axes
  1589 | D:4      | Reached XP level 6. HP: 44/55 MP: 5/5
  1594 | D:4      | Reached skill level 5 in Shields
  1595 | D:4      | Reached skill level 5 in Armour
  1889 | D:4      | Found a staircase to the Ecumenical Temple.
  1930 | Temple   | Entered the Ecumenical Temple
  1936 | Temple   | Became a worshipper of Makhleb the Destroyer
  1954 | D:4      | Noticed an angel
  2113 | D:4      | Reached skill level 5 in Fighting
  2132 | D:4      | Noticed a rust devil
  2153 | D:5      | Entered Level 5 of the Dungeon
  2417 | D:5      | Found Tunly's Assorted Antiques.
  2433 | D:5      | Bought a scroll labeled QAFAYL ORUMA for 24 gold pieces
  2433 | D:5      | Bought a scroll labeled DIERUU REAGI for 24 gold pieces
  2433 | D:5      | Bought a scroll labeled DIERUU REAGI for 24 gold pieces
  2496 | D:5      | Reached * piety under Makhleb
  2496 | D:5      | Reached skill level 1 in Invocations
  2530 | D:5      | Found a shimmering blue altar of Sif Muna.
  2728 | D:6      | Reached XP level 7. HP: 61/61 MP: 6/6
  2751 | D:6      | Reached skill level 6 in Axes
  3026 | D:6      | Reached skill level 7 in Axes
  3026 | D:6      | Reached XP level 8. HP: 63/70 MP: 8/8
  3096 | D:6      | Noticed a dream sheep
  3096 | D:6      | Noticed a dream sheep
  3096 | D:6      | Noticed a dream sheep
  3096 | D:6      | Noticed a dream sheep
  3096 | D:6      | Noticed a dream sheep
  3096 | D:6      | Found a shimmering altar of Xom.
  3102 | D:6      | Killed a dream sheep
  3102 | D:6      | Killed a dream sheep
  3103 | D:6      | Killed a dream sheep
  3103 | D:6      | Killed a dream sheep
  3104 | D:6      | Killed a dream sheep
  3177 | D:6      | Found a bloodstained altar of Trog.
  3265 | D:6      | Found a hide-covered altar of Uskayaw.
  3266 | D:6      | Found a shimmering altar of Xom.
  3406 | D:6      | Found a shattered altar of Ashenzari.
  3573 | D:7      | Reached skill level 8 in Axes
  3605 | D:7      | Reached ** piety under Makhleb
  3822 | D:7      | Noticed a hippogriff
  3831 | D:7      | Killed a hippogriff
  3916 | D:7      | Reached XP level 9. HP: 78/78 MP: 10/10
  4097 | D:7      | Reached skill level 9 in Axes
  4335 | D:8      | Found a staircase to the Lair.
  4469 | D:8      | Found a radiant altar of Vehumet.
  4667 | D:8      | Found a hide-covered altar of Uskayaw.
  4809 | D:8      | Found an iron altar of Okawaru.
  4818 | D:8      | Reached skill level 10 in Axes
  4941 | D:8      | Noticed a death knight
  5054 | D:8      | Killed a death knight
  5054 | D:8      | Reached skill level 5 in Invocations
  5054 | D:8      | Reached XP level 10. HP: 54/88 MP: 12/12
  5083 | Lair:1   | Entered Level 1 of the Lair of Beasts
  5099 | Lair:1   | Reached *** piety under Makhleb
  5116 | Lair:1   | Reached skill level 11 in Axes
  5488 | Lair:1   | Noticed a spiny frog
  5493 | Lair:1   | Killed a spiny frog
  5709 | Lair:1   | Noticed a spiny frog
  5718 | Lair:1   | Killed a spiny frog
  5876 | Lair:1   | Noticed a spiny frog
  5880 | Lair:1   | Killed a spiny frog
  5889 | Lair:1   | Noticed a spiny frog
  5895 | Lair:1   | Killed a spiny frog
  5900 | Lair:1   | Reached XP level 11. HP: 97/97 MP: 14/14
  5902 | Lair:1   | Reached skill level 12 in Axes
  6674 | Lair:2   | Noticed a death yak
  6675 | Lair:2   | Noticed a death yak
  6675 | Lair:2   | Noticed a death yak
  6676 | Lair:2   | Noticed a death yak
  6676 | Lair:2   | Noticed a death yak
  6677 | Lair:2   | Noticed a death yak
  6692 | Lair:2   | Killed a death yak
  6695 | Lair:2   | Killed a death yak
  6703 | Lair:2   | Killed a death yak
  6708 | Lair:2   | Killed a death yak
  6734 | Lair:2   | Killed a death yak
  6740 | Lair:2   | Killed a death yak
  6740 | Lair:2   | Reached skill level 10 in Fighting
  6740 | Lair:2   | Reached skill level 13 in Axes
  6740 | Lair:2   | Reached skill level 10 in Armour
  6740 | Lair:2   | Reached skill level 10 in Shields
  7854 | Lair:3   | Reached **** piety under Makhleb
  7916 | Lair:3   | Found a staircase to the Shoals.
  7923 | Lair:3   | Reached XP level 12. HP: 107/107 MP: 16/16
  7974 | Lair:3   | Noticed Fannar
  7985 | Lair:3   | Killed Fannar
  8017 | Lair:3   | Found a runed translucent gate.
  8017 | Lair:3   | Found a runed translucent gate.
  8017 | Lair:3   | Found a runed translucent gate.
  8443 | Lair:3   | Noticed Flugslaktarn's ghost (journeyman MiFi)
  8727 | Lair:3   | HP: 4/108 [spectral death yak (9)]
  9268 | Lair:4   | Killed Flugslaktarn's ghost
  9268 | Lair:4   | Reached skill level 14 in Axes
  9475 | Lair:4   | Found a staircase to the Snake Pit.
  9602 | Lair:4   | Noticed an eight-headed hydra
  9611 | Lair:4   | Killed a 13-headed hydra
 10194 | Lair:5   | Found a staircase to the Slime Pits.
 10194 | Lair:5   | Found a viscous altar of Jiyva.
 10745 | Lair:5   | Reached XP level 13. HP: 99/116 MP: 18/18
 10811 | Lair:5   | Reached skill level 15 in Axes
 11493 | Lair:6   | Entered Level 6 of the Lair of Beasts
 11530 | Lair:6   | Found a gate leading to a gauntlet.
 11563 | Gauntlet | Entered a Gauntlet
 11563 | Gauntlet | Found a transporter.
 11773 | Gauntlet | Found a transporter.
 11775 | Gauntlet | Found a transporter.
 11784 | Gauntlet | Found a transporter.
 11786 | Gauntlet | Found a transporter.
 11800 | Gauntlet | Found a transporter.
 11809 | Gauntlet | Noticed a reaper
 11811 | Gauntlet | Found a transporter.
 11821 | Gauntlet | Found a transporter.
 11830 | Gauntlet | Found a runed translucent door.
 11831 | Gauntlet | Found a runed translucent door.
 11831 | Gauntlet | Found a transporter.
 11836 | Gauntlet | Found a transporter.
 11836 | Gauntlet | Found a transporter.
 11864 | Gauntlet | Found a transporter.
 11864 | Gauntlet | Found a transporter.
 11916 | Gauntlet | Found a transporter.
 12072 | Gauntlet | Killed a reaper
 12076 | Gauntlet | Reached ***** piety under Makhleb
 12108 | Gauntlet | Identified the +5 broad axe of Uskayaw's Esteem {vamp, rN+
                  | Int+3 Stlth+}
 12108 | Gauntlet | Identified the +7 kite shield of the Curious Beggars {Str-4
                  | Int+5}
 12108 | Gauntlet | Noticed a minotaur
 12135 | Gauntlet | Killed a minotaur
 12655 | Lair:6   | Reached skill level 16 in Axes
 12896 | Lair:6   | Noticed Snorg
 12915 | Lair:6   | Killed Snorg
 12915 | Lair:6   | Reached XP level 14. HP: 127/127 MP: 20/20
 13209 | Lair:6   | Reached skill level 10 in Invocations
 13381 | Snake:1  | Entered Level 1 of the Snake Pit
 13501 | Snake:1  | Noticed Rupert
 13514 | Snake:1  | Killed Rupert
 13652 | Snake:2  | Reached skill level 17 in Axes
 13872 | Snake:2  | Got a pitted plate armour
 13873 | Snake:2  | Identified the cursed +1 plate armour of Going Fast {rElec
                  | rN+ Str+3} (You found it on level 2 of the Snake Pit)
 13943 | Snake:2  | Reached ****** piety under Makhleb
 14267 | Snake:3  | Reached XP level 15. HP: 136/136 MP: 22/22
 14397 | Snake:4  | Entered Level 4 of the Snake Pit
 14398 | Snake:4  | Found a runed translucent door.
 14415 | Snake:4  | Noticed Roxanne
 14441 | Snake:4  | Reached skill level 18 in Axes
 14787 | Snake:4  | Noticed sixsigma's ghost (adept GnWz)
 14824 | Snake:4  | Noticed Vashnia
 14852 | Snake:4  | Noticed a nagaraja
 14873 | Snake:4  | Noticed a nagaraja
 14874 | Snake:4  | Noticed a nagaraja
 14881 | Snake:4  | HP: 6/138 [nagaraja (1)]
 14881 | Snake:4  | Shot with an arrow by a naga sharpshooter

Levels and vault maps discovered:
D:1:      lightli_iron_boxes, layout_rooms
D:2:      layout_loops_ring, chequers_ecumenical_altar_grove,
          uniq_crazy_yiuf_cottage, uniq_natasha
D:3:      layout_rooms, minmay_close_crescents, uniq_sigmund
D:4:      layout_basic, temple_garden, first_ration
D:5:      layout_cave_pools, led_sif_pool, serial_shops,
          nicolae_shop_overgrown_old_shop
D:6:      layout_cave_pools, gammafunk_temple_overflow_pools,
          trog_ov_bears_minmay, nicolae_overflow_hidden_temple,
          kb_xom_exploding_sheep
D:7:      layout_basic
D:8:      layout_gridville, marbit_many_paths, fiery_altar_vehumet,
          lemuel_crystal_altar, erik_lair_orcish_takeover, basic_altar
Temple:   cyrus_circular_temple
Lair:1:   layout_big_grid, grunt_megastairs_3
Lair:2:   layout_roguey, serial_bayou_pond_c
Lair:3:   layout_layer_cave, elwin_shoals_entry_rooms,
          gammafunk_ghost_necromancy, serial_bayou_shore_a, uniq_fannar
Lair:4:   layout_loops_ring, dummy_snake_entry, beast_lair_carwin_8
Lair:5:   cheibrodos_lair_river_kwai, layout_layer_cave, slime_altar_1
Lair:6:   evilmike_catoblepas_cave, layout_gridlike, gauntlet_entry_generic,
          infiniplex_staircase_pool_2, uniq_snorg
Snake:1:  layout_onion_interference, guppyfry_snake_island, uniq_aizul,
          uniq_rupert
Snake:2:  dpeg_oklob_gauntlet, layout_rooms, grunt_megastairs_4
Snake:3:  layout_grid_shapes, grunt_ministairs_9, library_closet
Snake:4:  johnstein_snake_rune_scales, layout_misc_corridors,
          ebering_ghost_reflecting_pool, grunt_ministairs_3, minmay_shop_grove,
          serial_bayou_shore_b, uniq_roxanne, uniq_vashnia

Skill      XL: |  1  2  3  4  5  6  7  8  9 10 11 12 13 14 15 |
---------------+----------------------------------------------+-----
Fighting       | 4 5 6 8 9 10 11 12 13 14 | 14.2
Axes           | 3 4 5 7 8 10 11 13 14 16 17 18 | 18.0
Armour         | 4 5 6 8 9 10 11 12 13 14 | 14.3
Shields        | 4 5 6 7 8 9 10 11 12 13 14 | 14.4
Invocations    | 1 2 3 5 6 7 8 9 10 11 | 11.7

Action                   |  1- 3 |  4- 6 |  7- 9 | 10-12 | 13-15 || total
-------------------------+-------+-------+-------+-------+-------++-------
Melee: War axe           |    70 |   135 |   196 |       |       ||   401
       Headbutt          |     9 |    23 |    38 |    79 |   172 ||   321
       Broad axe         |       |       |       |   402 |   757 ||  1159
Invok: Lesser Servant of |       |       |       |     3 |     3 ||     6
       Greater Servant o |       |       |       |       |     2 ||     2
Evoke: Wand              |       |       |       |       |     1 ||     1
  Use: Scroll            |       |    15 |     3 |    10 |     8 ||    36
       Potion            |       |       |     5 |     3 |     8 ||    16
 Stab: Petrified         |       |       |       |       |     2 ||     2
       Petrifying        |       |       |       |       |     1 ||     1
  Eat: Chunk             |       |     6 |     7 |     9 |     7 ||    29
       Ration            |       |       |       |     3 |     2 ||     5
Armor: Scale mail        |    32 |    15 |       |       |       ||    47
       Plate armour      |       |    59 |   152 |   203 |   126 ||   540
       Chain mail        |       |       |     1 |       |       ||     1
       Gold dragon scale |       |       |       |       |   292 ||   292
       Skin              |       |       |       |       |     1 ||     1
Dodge: Dodged            |    16 |    25 |    38 |    92 |    93 ||   264
Block: Kite shield       |    44 |    74 |   119 |   228 |   761 ||  1226

Table legend:
 A = Non-vault XP
 B = Vault XP
 C = Vault XP percentage of total XP
 D = Non-vault monster count
 E = Vault monster count
 F = Vault count percentage of total count
                 A         B        C        D         E       F
            +---------+---------+-------+---------+---------+-------
      Total |   86513 |   51757 |  37.4 |     347 |     117 |  25.2
            +---------+---------+-------+---------+---------+-------
        D:1 |       2 |       0 |   0.0 |       1 |       0 |   0.0
        D:2 |      40 |      33 |  45.2 |      11 |       1 |   8.3
        D:3 |      15 |       0 |   0.0 |       6 |       0 |   0.0
        D:4 |     439 |       0 |   0.0 |      17 |       0 |   0.0
        D:5 |     180 |       0 |   0.0 |      19 |       0 |   0.0
        D:6 |    1132 |     259 |  18.6 |      25 |       2 |   7.4
        D:7 |    1114 |       0 |   0.0 |      20 |       0 |   0.0
        D:8 |    2183 |     582 |  21.0 |      22 |       8 |  26.7
     Lair:1 |    3235 |    2362 |  42.2 |      13 |       9 |  40.9
     Lair:2 |    7447 |       0 |   0.0 |      18 |       0 |   0.0
     Lair:3 |    3459 |    3913 |  53.1 |      20 |      10 |  33.3
     Lair:4 |    3962 |    3024 |  43.3 |      16 |       8 |  33.3
     Lair:5 |    4867 |    2228 |  31.4 |      17 |       6 |  26.1
     Lair:6 |   10094 |   13345 |  56.9 |      38 |      24 |  38.7
    Snake:1 |    3322 |    3043 |  47.8 |       8 |       1 |  11.1
    Snake:2 |   21196 |    4288 |  16.8 |      46 |      10 |  17.9
    Snake:3 |    4400 |       0 |   0.0 |       8 |       0 |   0.0
    Snake:4 |   19426 |   13901 |  41.7 |      42 |      28 |  40.0
   Gauntlet |       0 |    4779 | 100.0 |       0 |      10 | 100.0
            +---------+---------+-------+---------+---------+-------
